NYP
BATAVIA MUCKDOGS @ STATE COLLEGE SPIKES
07/03/2048
 
TOP OF THE 1ST
Batavia Muckdogs batting - Pitching for State College Spikes : RHP Roberto Ruiz
Pitching: RHP Roberto Ruiz
Batting: RHB Andy Kelly 0-0: Ball
1-0: Foul Ball, location: 2F
1-1: Foul Ball, location: 2F
1-2: Strikes out swinging
Batting: LHB Danny Treto 0-0: Called Strike
0-1: Called Strike
0-2: Foul Ball, location: 2F
0-2: Foul Ball, location: 2F
0-2: Ball
1-2: Ball
2-2: Fly out, F9 (Line Drive, 9, EV 89.4 MPH)
Batting: RHB Reomel Somera 0-0: Called Strike
0-1: Called Strike
0-2: Strikes out swinging
Top of the 1st over - 0 runs, 0 hits, 0 errors, 0 left on base; Batavia 0 - State College 0
BOTTOM OF THE 1ST
State College Spikes batting - Pitching for Batavia Muckdogs : RHP Ryan Weedon
Pitching: RHP Ryan Weedon
Batting: RHB Fekadu Alhaadi 0-0: Swinging Strike
0-1: Swinging Strike
0-2: Ball
1-2: Ball
2-2: Ball
3-2: Strikes out swinging
Batting: RHB Bobby Miles 0-0: Swinging Strike
0-1: Called Strike
0-2: Strikes out swinging
Batting: LHB Ken Morehead 0-0: Foul Ball, location: 2F
0-1: Ball
1-1: Ball
2-1: Foul Ball, location: 2F
2-2: Strikes out swinging
Bottom of the 1st over - 0 runs, 0 hits, 0 errors, 0 left on base; Batavia 0 - State College 0
TOP OF THE 2ND
Batavia Muckdogs batting - Pitching for State College Spikes : RHP Roberto Ruiz
Batting: RHB Justin Dunham 0-0: Ground out 4-3 (Groundball, 4M, EV 93.1 MPH)
Batting: RHB Jim Fisher 0-0: Swinging Strike
0-1: Ground out 5-3 (Groundball, 56, EV 81.9 MPH)
Batting: RHB Jason Thrash 0-0: Called Strike
0-1: Ball
1-1: Fly out, F7 (Line Drive, 78M, EV 94.4 MPH)
Top of the 2nd over - 0 runs, 0 hits, 0 errors, 0 left on base; Batavia 0 - State College 0
BOTTOM OF THE 2ND
State College Spikes batting - Pitching for Batavia Muckdogs : RHP Ryan Weedon
Batting: RHB Sam Daw 0-0: Ball
1-0: Ball
2-0: Ball
3-0: Foul Ball, location: 2F
3-1: Base on Balls
Batting: RHB Pat Scaturro 0-0: Foul Ball, location: 2F
0-1: Called Strike
0-2: Ball
1-2: Fly out, F8 (Line Drive, 8LM, EV 86.9 MPH)
Batting: RHB Kyle Burns 0-0: Ball
1-0: Called Strike
1-1: Foul Ball, location: 2F
1-2: Ball
2-2: Foul Ball, location: 2F
2-2: Strikes out swinging
Batting: RHB Roberto Ruiz 0-0: Ball
1-0: Swinging Strike
1-1: Ball
2-1: Swinging Strike
2-2: Strikes out swinging
Bottom of the 2nd over - 0 runs, 0 hits, 0 errors, 1 left on base; Batavia 0 - State College 0
TOP OF THE 3RD
Batavia Muckdogs batting - Pitching for State College Spikes : RHP Roberto Ruiz
Batting: RHB Hiromitsu Yamada 0-0: Ball
1-0: Called Strike
1-1: Foul Ball, location: 2F
1-2: Fly out, F9 (Line Drive, 89M, EV 96.2 MPH)
Batting: RHB Calvin Morin 0-0: Ball
1-0: Ground out 5-3 (Groundball, 56, EV 106.2 MPH)
Batting: RHB Jeremy Dennis 0-0: Ground out 1-3 (Groundball, 23, EV 66.2 MPH)
Top of the 3rd over - 0 runs, 0 hits, 0 errors, 0 left on base; Batavia 0 - State College 0
BOTTOM OF THE 3RD
State College Spikes batting - Pitching for Batavia Muckdogs : RHP Ryan Weedon
Batting: RHB Nick Latulippe 0-0: Ball
1-0: Called Strike
1-1: Foul Ball, location: 2F
1-2: Foul Ball, location: 2F
1-2: Foul Ball, location: 2F
1-2: Ball
2-2: Ball
3-2: Foul Ball, location: 2F
3-2: SOLO HOME RUN (Flyball, 78XD, EV 115.0 MPH), Distance : 423 ft
Batting: RHB Mario Carbajal 0-0: Swinging Strike
0-1: SINGLE (Line Drive, 7LS, EV 86.9 MPH)
Batting: RHB Fekadu Alhaadi 0-0: Called Strike
0-1: Foul Ball, location: 2F
0-2: Strikes out swinging
Batting: RHB Bobby Miles 0-0: Ball
1-0: Ball
2-0: SINGLE (Groundball, 25, EV 66.2 MPH) (infield hit)
Mario Carbajal to second
Batting: LHB Ken Morehead 0-0: Foul Ball, location: 2F
0-1: Ball
1-1: Ball
2-1: Swinging Strike
2-2: Ball
3-2: Foul Ball, location: 2F
3-2: Foul Ball, location: 2F
3-2: Foul Ball, location: 2F
3-2: Base on Balls
Mario Carbajal to third
Bobby Miles to second
Batting: RHB Sam Daw 0-0: Fly out, F7 (Flyball, 7LM, EV 89.4 MPH)
Batting: RHB Pat Scaturro 0-0: Ball
1-0: Swinging Strike
1-1: Called Strike
1-2: Foul Ball, location: 2F
1-2: Ball
2-2: Strikes out swinging
Bottom of the 3rd over - 1 run, 3 hits, 0 errors, 3 left on base; Batavia 0 - State College 1
TOP OF THE 4TH
Batavia Muckdogs batting - Pitching for State College Spikes : RHP Roberto Ruiz
Batting: RHB Andy Kelly 0-0: Ball
1-0: Ball
2-0: Ball
3-0: Foul Ball, location: 2F
3-1: Reached on error, E5 (Groundball, 56S, EV 89.4 MPH)
Batting: LHB Danny Treto 0-0: Foul Ball, location: 2F
0-1: Swinging Strike
0-2: Ball
1-2: Foul Ball, location: 2F
1-2: Strikes out swinging
Batting: RHB Reomel Somera 0-0: Ball
Andy Kelly steals 3rd base
1-0: Ball
2-0: Swinging Strike
2-1: Ball
Passed Ball!
Andy Kelly scores
3-1: Base on Balls
Batting: RHB Justin Dunham 0-0: Called Strike
0-1: Foul Ball, location: 2F
0-2: Ball
1-2: Foul Ball, location: 2F
1-2: Ball
2-2: Foul Ball, location: 2F
2-2: Ball
Reomel Somera steals 2nd, throwing error, E2
Reomel Somera to third
3-2: DOUBLE (Flyball, 78XD, EV 91.9 MPH)
Reomel Somera scores
Batting: RHB Jim Fisher 0-0: Called Strike
0-1: Foul Ball, location: 2F
0-2: Strikes out swinging
Batting: RHB Jason Thrash 0-0: Foul Ball, location: 2F
0-1: Foul Ball, location: 2F
0-2: Fly out, F7 (Flyball, 7S, EV 82.5 MPH)
Top of the 4th over - 2 runs, 1 hit, 2 errors, 1 left on base; Batavia 2 - State College 1
BOTTOM OF THE 4TH
State College Spikes batting - Pitching for Batavia Muckdogs : RHP Ryan Weedon
Batting: RHB Kyle Burns 0-0: Ball
1-0: Called Strike
1-1: Ball
2-1: Swinging Strike
2-2: Ball
3-2: Strikes out swinging
Batting: RHB Roberto Ruiz 0-0: Swinging Strike
0-1: Foul Ball, location: 2F
0-2: Ball
1-2: Ball
2-2: Ball
3-2: SINGLE (Line Drive, 9S, EV 94.4 MPH)
Batting: RHB Nick Latulippe 0-0: Swinging Strike
0-1: Ball
1-1: Ball
2-1: Fielders Choice at 2nd, 6-4 (Groundball, 6, EV 85.0 MPH)
Pitching: LHP Brian Worthy
Batting: RHB Mario Carbajal 0-0: Called Strike
Nick Latulippe steals 2nd base
0-1: Ball
1-1: SINGLE (Groundball, 6MD, EV 105.0 MPH)
Nick Latulippe to third
Runner from 3rd tries for Home, SAFE, throw by CF to home
Batting: RHB Fekadu Alhaadi 0-0: Ball
1-0: Ball
2-0: Called Strike
2-1: Foul Ball, location: 2F
2-2: Foul Ball, location: 2F
2-2: Foul Ball, location: 2F
2-2: Ball
3-2: Ground out 4-3 (Groundball, 34, EV 103.1 MPH)
Bottom of the 4th over - 1 run, 2 hits, 0 errors, 1 left on base; Batavia 2 - State College 2
TOP OF THE 5TH
Batavia Muckdogs batting - Pitching for State College Spikes : RHP Roberto Ruiz
Batting: RHB Hiromitsu Yamada 0-0: Ball
1-0: Foul Ball, location: 2F
1-1: Ball
2-1: Swinging Strike
2-2: Strikes out swinging
Batting: RHB Calvin Morin 0-0: Called Strike
0-1: Ball
1-1: Foul Ball, location: 2F
1-2: Ground out U3 (Groundball, 34, EV 108.8 MPH)
Batting: RHB Jeremy Dennis 0-0: Ball
1-0: Ball
2-0: Ball
3-0: Base on Balls
Batting: RHB Andy Kelly 0-0: Ball
1-0: Called Strike
1-1: Ball
2-1: Ball
Jeremy Dennis steals 2nd base
3-1: SINGLE (Groundball, 15S, EV 60.0 MPH) (infield hit)
Jeremy Dennis to third
Batting: LHB Danny Treto 0-0: Called Strike
0-1: Ball
1-1: SINGLE (Groundball, 34D, EV 101.2 MPH)
Jeremy Dennis scores
Andy Kelly to second
Runner from 2nd tries for 3rd, OUT! 9-5
Top of the 5th over - 1 run, 2 hits, 0 errors, 1 left on base; Batavia 3 - State College 2
BOTTOM OF THE 5TH
State College Spikes batting - Pitching for Batavia Muckdogs : LHP Brian Worthy
Batting: RHB Bobby Miles 0-0: Ball
1-0: Ball
2-0: Foul Ball, location: 2F
2-1: Ball
3-1: Base on Balls
Batting: LHB Ken Morehead 0-0: Called Strike
0-1: Foul Ball, location: 2F
0-2: Strikes out looking
Batting: RHB Sam Daw 0-0: Called Strike
0-1: Foul Ball, location: 2F
0-2: Ball
1-2: Foul Ball, location: 2F
1-2: Strikes out swinging
Batting: RHB Pat Scaturro 0-0: Called Strike
Bobby Miles steals 2nd base
0-1: Foul Ball, location: 2F
0-2: SINGLE (Groundball, 56D, EV 98.1 MPH)
Bobby Miles to third
Throwing error, E7
Bobby Miles scores
Pat Scaturro to second
Batting: RHB Kyle Burns 0-0: Ball
1-0: Ball
2-0: Called Strike
2-1: SINGLE (Line Drive, 9S, EV 97.5 MPH)
Pat Scaturro to third
Batting: RHB Roberto Ruiz 0-0: Ball
1-0: Ball
2-0: Foul Ball, location: 2F
2-1: Foul Ball, location: 2F
2-2: Ball
3-2: Ground out 5-3 (Groundball, 56, EV 89.4 MPH)
Bottom of the 5th over - 1 run, 2 hits, 1 error, 2 left on base; Batavia 3 - State College 3
TOP OF THE 6TH
Batavia Muckdogs batting - Pitching for State College Spikes : RHP Roberto Ruiz
Batting: RHB Reomel Somera 0-0: SINGLE (Groundball, 56D, EV 95.6 MPH)
Batting: RHB Justin Dunham 0-0: SINGLE (Groundball, 15S, EV 73.1 MPH) (infield hit)
Reomel Somera to second
Batting: RHB Jim Fisher 0-0: Ball
1-0: Called Strike
1-1: Foul Ball, location: 2F
1-2: SINGLE (Line Drive, 89S, EV 94.4 MPH)
Reomel Somera to third
Justin Dunham to second
Runner from 3rd tries for Home, SAFE, throw by RF to home
Batting: RHB Jason Thrash 0-0: Ball
1-0: Swinging Strike
1-1: Ball
2-1: Foul Ball, location: 2F
2-2: Strikes out looking
Batting: RHB Hiromitsu Yamada 0-0: Ball
Justin Dunham steals 3rd base
1-0: Ball
2-0: Foul Ball, location: 2F
2-1: Ball
3-1: Swinging Strike
3-2: Foul Ball, location: 2F
3-2: Strikes out swinging
Batting: RHB Calvin Morin 0-0: Ball
1-0: Swinging Strike
1-1: Ground out 4-3 (Groundball, 4, EV 91.9 MPH)
Top of the 6th over - 1 run, 3 hits, 0 errors, 2 left on base; Batavia 4 - State College 3
BOTTOM OF THE 6TH
State College Spikes batting - Pitching for Batavia Muckdogs : LHP Brian Worthy
Batting: RHB Nick Latulippe 0-0: Called Strike
0-1: Ball
1-1: Swinging Strike
1-2: Ball
2-2: Fly out, F9 (Flyball, 9LS, EV 86.2 MPH)
Batting: RHB Mario Carbajal 0-0: Ball
1-0: Ball
2-0: Called Strike
2-1: Ball
3-1: Ground out 6-3 (Groundball, 6, EV 86.9 MPH)
Now at SS: Justin Corbett
Batting: RHB Fekadu Alhaadi 0-0: Ball
1-0: Ball
2-0: Ground out 6-3 (Groundball, 6, EV 88.8 MPH)
Bottom of the 6th over - 0 runs, 0 hits, 0 errors, 0 left on base; Batavia 4 - State College 3
TOP OF THE 7TH
Batavia Muckdogs batting - Pitching for State College Spikes : RHP Roberto Ruiz
Batting: RHB Jeremy Dennis 0-0: Ball
1-0: Ball
2-0: Foul Ball, location: 2F
2-1: Foul Ball, location: 2F
2-2: Ground out 5-3 (Groundball, 56, EV 106.9 MPH)
Pitching: RHP Mike Cain
Batting: RHB Andy Kelly 0-0: Ball
1-0: Ball
2-0: Foul Ball, location: 2F
2-1: Ball
3-1: Base on Balls
Batting: LHB Danny Treto 0-0: Ball
1-0: Fielders Choice at 2nd, 6-4 (Groundball, 6, EV 98.8 MPH)
Batting: SHB Justin Corbett 0-0: Ball
1-0: Foul Ball, location: 2F
1-1: Ball
2-1: Ball
3-1: Foul Ball, location: 2F
3-2: Strikes out swinging
Top of the 7th over - 0 runs, 0 hits, 0 errors, 1 left on base; Batavia 4 - State College 3
BOTTOM OF THE 7TH
State College Spikes batting - Pitching for Batavia Muckdogs : LHP Brian Worthy
Batting: RHB Bobby Miles 0-0: Ball
1-0: Swinging Strike
1-1: Ground out 5-3 (Groundball, 56, EV 90.0 MPH)
Batting: LHB Ken Morehead 0-0: Called Strike
0-1: Ball
1-1: Ball
2-1: Foul Ball, location: 2F
2-2: Strikes out swinging
Batting: RHB Sam Daw 0-0: Foul Ball, location: 2F
0-1: Foul Ball, location: 2F
0-2: Foul Ball, location: 2F
0-2: Foul Ball, location: 2F
0-2: SINGLE (Groundball, 6D, EV 110.0 MPH)
Pitching: RHP Matt Slater
Batting: RHB Pat Scaturro 0-0: Ball
1-0: Swinging Strike
1-1: Called Strike
1-2: Foul Ball, location: 2F
1-2: Ball
2-2: Foul Ball, location: 2F
2-2: Ball
Sam Daw is caught stealing 2nd base 2-4
Bottom of the 7th over - 0 runs, 1 hit, 0 errors, 0 left on base; Batavia 4 - State College 3
TOP OF THE 8TH
Batavia Muckdogs batting - Pitching for State College Spikes : RHP Mike Cain
Batting: RHB Justin Dunham 0-0: Called Strike
0-1: Swinging Strike
0-2: Ground out 6-3 (Groundball, 6, EV 106.9 MPH)
Batting: RHB Jim Fisher 0-0: Ground out 5-3 (Groundball, 56, EV 89.4 MPH)
Batting: RHB Jason Thrash 0-0: SINGLE (Groundball, 4MD, EV 103.8 MPH)
Batting: RHB Hiromitsu Yamada 0-0: Ball
Jason Thrash is caught stealing 2nd base 2-4
Top of the 8th over - 0 runs, 1 hit, 0 errors, 0 left on base; Batavia 4 - State College 3
BOTTOM OF THE 8TH
State College Spikes batting - Pitching for Batavia Muckdogs : RHP Matt Slater
Batting: RHB Pat Scaturro 0-0: Foul Ball, location: 2F
0-1: Ball
1-1: Ground out 6-3 (Groundball, 56S, EV 76.2 MPH)
Batting: RHB Kyle Burns 0-0: Ball
1-0: Foul Ball, location: 2F
1-1: Ball
2-1: Hit by Pitch
Batting: RHB Roberto Ruiz 0-0: Ball
1-0: Foul Ball, location: 2F
1-1: Ball
2-1: Foul Ball, location: 2F
2-2: Foul Ball, location: 2F
2-2: Strikes out swinging
Pinch Hitting: LHB Jorge Zarazua 0-0: Called Strike
0-1: Called Strike
0-2: Strikes out swinging
Bottom of the 8th over - 0 runs, 0 hits, 0 errors, 1 left on base; Batavia 4 - State College 3
TOP OF THE 9TH
Batavia Muckdogs batting - Pitching for State College Spikes : RHP Mike Cain
Now at SS: Chris Norris
Batting: RHB Hiromitsu Yamada 0-0: Called Strike
0-1: Swinging Strike
0-2: Ground out 6-3 (Groundball, 6S, EV 83.8 MPH)
Batting: RHB Calvin Morin 0-0: Ball
1-0: Ball
2-0: Ball
3-0: Base on Balls
Batting: RHB Jeremy Dennis 0-0: Ball
1-0: Foul Ball, location: 2F
1-1: Called Strike
1-2: Strikes out looking
Calvin Morin steals 2nd base
Batter strikes out.
Batting: RHB Andy Kelly 0-0: Foul Ball, location: 2F
0-1: Foul Ball, location: 2F
0-2: Strikes out swinging
Top of the 9th over - 0 runs, 0 hits, 0 errors, 1 left on base; Batavia 4 - State College 3
BOTTOM OF THE 9TH
State College Spikes batting - Pitching for Batavia Muckdogs : RHP Matt Slater
Pitching: RHP Glen Patterson
Pinch Hitting: RHB Ricky Yerzy 0-0: Called Strike
0-1: Ball
1-1: Foul Ball, location: 2F
1-2: Ball
2-2: Strikes out swinging
Batting: RHB Fekadu Alhaadi 0-0: Ball
1-0: Ground out 4-3 (Groundball, 34, EV 81.9 MPH)
Batting: RHB Bobby Miles 0-0: Fly out, F9 (Flyball, 89M, EV 88.1 MPH)
Bottom of the 9th over - 0 runs, 0 hits, 0 errors, 0 left on base; Batavia 4 - State College 3
Tuesday, March 28th , 2023 - OOTP Baseball 23.10 Build 110